AoeStats
← jiri.hradec.jr

Hideout

510148884Analyzed
1v1 RM · 3d ago on Sep 29, 2026· 46m 24s· 2 players
Game mode
Random Map
Map size
Tiny (2 player)
Population
200
Speed
Normal
Resources
Standard
Victory
Conquest
Starting age
Dark Age
Ending age
Imperial Age
RankedLock teamsTeams togetherTeam positionsShared explorationLock speedFull tech treeHidden civsTurbo modeCheats
Victory
Defeat
🇮🇹 Cumans · Italy
1519
+19
🇺🇸 Danes · United States
1579
-19
Strongholdhero
10:06 Feudal Age
11:32 Double-Bit Axe
14:31 Castle Age
13:45 Fletching
14:28 Gold Mining
15:33 Bodkin Arrow
17:24 Horse Collar
18:46 Loom
20:06 Gambesons
20:46 Arson
21:42 Scale Mail Armor
22:56 Padded Archer Armor
23:56 Forging
25:17 Chain Mail Armor
27:14 Leather Archer Armor
27:14 Squires
27:27 Elite Skirmisher
29:43 Ballistics
30:13 Thumb Ring
32:37 Wheelbarrow
34:35 Pikeman
38:02 Imperial Age
36:06 Bow Saw
38:29 Halberdier
40:49 Iron Casting
40:45 Plate Mail Armor
45:06 Hand Cart
jiri.hradec.jr
5:06 Loom
8:24 Feudal Age
9:31 Double-Bit Axe
9:28 Horse Collar
14:57 Wheelbarrow
20:06 Castle Age
18:30 Fletching
19:10 Stone Mining
19:11 Gold Mining
19:56 Padded Archer Armor
21:46 Bodkin Arrow
22:19 Bow Saw
22:12 Heavy Plow
23:24 Hand Cart
23:25 Town Watch
30:36 Imperial Age
29:51 Scale Barding Armor
29:57 Bloodlines
29:09 Light Cavalry
31:03 Chain Barding Armor
30:52 Steppe Husbandry
32:19 Plate Barding Armor
33:52 Hussar
34:48 Forging
38:37 Chemistry
37:49 Onager
39:07 Iron Casting
38:48 Leather Archer Armor
39:20 Gold Shaft Mining
39:33 Ballistics
39:23 Masonry
40:20 Two-Man Saw
39:52 Crop Rotation
41:25 Blast Furnace
40:56 Ring Archer Armor
39:51 Siege Onager
40:59 Murder Holes
41:40 Conscription
Connection lost

Rejoining the realm…

Still unreachable

The connection could not be restored.

Session expired

The server has moved on; the page needs a fresh start.